AoeStats
← 文風

Fortress

509642197Analyzed
3v3 RM · 5d ago on Sep 27, 2026· 61m 39s· 6 players
Game mode
Random Map
Map size
Large (8 player)
Population
200
Speed
Normal
Resources
Standard
Victory
Conquest
Starting age
Dark Age
Ending age
Imperial Age
RankedLock teamsTeams togetherTeam positionsShared explorationLock speedFull tech treeHidden civsTurbo modeCheats
Victory
Defeat
🇭🇰 Koreans · Hong Kong SAR China
1431
+24
🇭🇰 Turks · Hong Kong SAR China
1393
+25
🇭🇰 Mongols · Hong Kong SAR China
1378
+27
🇵🇰 Danes · Pakistan
1654
-26
🇵🇰 Danes · Pakistan
1616
-25
🇦🇷 Spanish · Argentina
1610
-25
文風
5:30 Feudal Age
5:58 Double-Bit Axe
5:57 Horse Collar
12:44 Castle Age
13:57 Bow Saw
13:49 Heavy Plow
16:08 Wheelbarrow
20:57 Fletching
22:47 Bodkin Arrow
34:01 Imperial Age
32:54 Fortified Wall
36:17 Ballistics
37:38 Chemistry
36:41 Bracer
36:42 Padded Archer Armor
40:09 Husbandry
40:19 Bloodlines
48:35 Elite Mangudai
51:19 Leather Archer Armor
51:54 Conscription
54:56 Scale Barding Armor
55:01 Forging
55:15 Hand Cart
54:46 Light Cavalry
55:21 Hussar
56:28 Chain Barding Armor
57:17 Iron Casting
61:19 Blast Furnace
60:24 Caravan
LinG寶寶
8:18 Feudal Age
9:07 Double-Bit Axe
9:04 Horse Collar
10:43 Wheelbarrow
13:41 Castle Age
12:10 Gold Mining
14:03 Fletching
14:38 Bodkin Arrow
14:59 Bow Saw
21:47 Ballistics
24:32 Hand Cart
25:02 Husbandry
25:26 Loom
29:47 Imperial Age
29:43 Fortified Wall
30:22 Forging
30:12 Scale Mail Armor
30:15 Stone Mining
31:01 Gold Shaft Mining
30:54 Conscription
31:39 Chemistry
30:42 Bracer
31:30 Thumb Ring
31:48 Pikeman
32:28 Squires
32:14 Arson
33:16 Iron Casting
32:56 Chain Mail Armor
32:38 Murder Holes
32:42 Halberdier
33:26 Town Watch
33:12 Elite War Wagon
36:12 Two-Man Saw
35:13 Heavy Plow
36:27 Plate Mail Armor
35:21 Elite Skirmisher
38:17 Man-at-Arms
39:33 Long Swordsman
40:19 Two-Handed Swordsman
41:48 Champion
47:28 Masonry
47:06 Arrowslits
57:54 Light Cavalry
58:40 Scale Barding Armor
60:02 Chain Barding Armor
59:11 Hussar
62:18 Caravan
屌炸天
7:00 Feudal Age
7:43 Horse Collar
11:44 Castle Age
9:59 Double-Bit Axe
18:23 Imperial Age
19:27 Padded Archer Armor
24:16 Leather Archer Armor
40:21 Bow Saw
50:42 Heavy Plow
52:51 Bloodlines
54:57 Husbandry
55:41 Wheelbarrow
55:37 Scale Barding Armor
56:48 Caravan
62:57 Two-Man Saw
MiE_Windshield Viper
7:29 Feudal Age
11:14 Castle Age
9:15 Horse Collar
9:31 Double-Bit Axe
9:49 Gold Mining
12:11 Padded Archer Armor
12:44 Bow Saw
13:39 Bloodlines
14:02 Loom
18:01 Fletching
18:30 Leather Archer Armor
20:07 Husbandry
25:36 Wheelbarrow
34:08 Imperial Age
34:59 Hand Cart
34:52 Elite Conquistador
36:47 Ring Archer Armor
40:39 Chemistry
39:59 Ballistics
40:14 Elite Skirmisher
41:47 Fletching
42:43 Bodkin Arrow
45:07 Bracer
45:13 Scale Barding Armor
58:03 Caravan
THE RULER
7:54 Feudal Age
11:33 Castle Age
9:47 Double-Bit Axe
9:46 Horse Collar
12:09 Scale Mail Armor
12:20 Forging
12:14 Fletching
12:44 Bow Saw
15:06 Loom
16:15 Forging
17:56 Squires
18:23 Arson
19:36 Chain Mail Armor
21:13 Iron Casting
33:18 Wheelbarrow
34:30 Stone Mining
34:33 Gold Mining
36:16 Town Watch
39:38 Hand Cart
43:43 Imperial Age
41:39 Heavy Plow
43:45 Elite Jomsviking
44:46 Conscription
45:00 Plate Mail Armor
45:30 Blast Furnace
46:11 Bodkin Arrow
46:18 Padded Archer Armor
45:59 Elite Skirmisher
46:45 Thumb Ring
47:08 Bracer
48:11 Leather Archer Armor
49:06 Ballistics
49:46 Chemistry
48:57 Masonry
51:33 Ring Archer Armor
52:04 Blast Furnace
51:58 Cranequins
54:16 Heavy Mounted Crossbowman
56:45 Bloodlines
56:35 Husbandry
Decade
7:06 Feudal Age
10:44 Castle Age
8:51 Double-Bit Axe
11:06 Gold Mining
11:16 Arson
11:32 Scale Mail Armor
11:22 Horse Collar
14:13 Squires
15:25 Chain Mail Armor
17:31 Loom
20:04 Forging
25:46 Iron Casting
33:31 Imperial Age
33:55 Elite Jomsviking
35:15 Plate Mail Armor
36:01 Blast Furnace
37:40 Conscription
39:33 Blast Furnace
49:19 Caravan
51:51 Onager
55:05 Siege Onager
55:10 Northmen's Fury
56:09 Bow Saw
57:03 Siege Engineers
57:59 Chemistry
57:37 Ballistics
58:19 Chemistry
Connection lost

Rejoining the realm…

Still unreachable

The connection could not be restored.

Session expired

The server has moved on; the page needs a fresh start.